 Dungeon Crawl Stone Soup version 0.25.1-2-g60ff931df9 (webtiles) character file.

Game seed: 4237484868321019734

72 Allula97 the Skirmisher (level 4, -1/35 HPs)
             Began as a Demonspawn Chaos Knight on Nov 11, 2020.
             Was a Plaything of Xom.
             Killed from afar by Sigmund (4 damage)
             ... with a puff of flame
             ... on level 2 of the Dungeon.
             The game lasted 00:10:30 (1356 turns).

Allula97 the Skirmisher (Demonspawn Chaos Knight)   Turns: 1356, Time: 00:10:31

Health: -1/35      AC:  8    Str: 13    XL:     4   Next: 7%
Magic:  4/4        EV: 12    Int: 13    God:    Xom [.*....]
Gold:   51         SH:  0    Dex: 13    Spells: 3/3 levels left

rFire    . . .     SeeInvis .   a - +0 falchion (chaos)
rCold    . . .     Gourm    .   (no shield)
rNeg     . . .     Faith    .   b - +2 leather armour
rPois    .         Spirit   .   (no helmet)
rElec    .         Reflect  .   h - +0 cloak
rCorr    .         Harm     .   (no gloves)
MR       .....                  (no boots)
Stlth    +.........             (no amulet)
HPRegen  0.11/turn              d - -4 ring of slaying (curse)
MPRegen  0.09/turn              (no ring)

@: confused
A: molten scales 1, demonic guardian 1
a: Renounce Religion


You were on level 2 of the Dungeon.
You worshipped Xom.
You were a plaything of Xom.
You were hungry.

You visited 1 branch of the dungeon, and saw 2 of its levels.

You collected 51 gold pieces.

Inventory:

Hand Weapons
 a - a +0 falchion of chaos (weapon)
Armour
 b - a +2 leather armour (worn)
 h - a +0 cloak (worn)
Jewellery
 d - a cursed -4 ring of slaying (left hand)
Wands
 f - a wand of paralysis (6)
Comestibles
 c - 3 rations


   Skills:
 * Level 3.4 Fighting
 * Level 3.1 Long Blades
 * Level 2.3 Armour
 * Level 1.6 Dodging
 * Level 1.4 Stealth


You had 3 spell levels left.
You didn't know any spells.
Your spell library was empty.

Dungeon Overview and Level Annotations

Branches:
Dungeon (2/15)

Altars:

Annotations:
D:2 Sigmund


Innate Abilities, Weirdness & Mutations

You are partially covered in molten scales. (AC +2)
A weak demonic guardian rushes to your aid.


Message History

Your shadow imp hits something but does no damage.
You miss something. Something hits you.
* * * LOW HITPOINT WARNING * * *
Your shadow imp gestures at something.
Something hits your shadow imp!
Your shadow imp completely misses something.
Your shadow imp closely misses something.
You aren't carrying any potions.
You aren't carrying any scrolls.
Something hits your shadow imp but does no damage.
Your shadow imp closely misses something.
You swap places.
Something hits your shadow imp.
Your shadow imp dies!
You hear some strange, mumbled words.
Something tries to affect you, but you resist.
You are confused.
A puff of flame appears from out of thin air!
The puff of flame hits you.
You die... "It's all fun and games until someone loses an eye."

#.#............###
#.#.###.#####.##
#.......# #.#
###{##### #.#
##.## #+# ###...#
#.....# #.#...#
#.#..@# ###
...........+ +..
###.....#### ###
#..#.## ##... #
##.# #### # #. #..
..# # #.# #.# #.#
# #.# ###.####.# #


There were no monsters in sight!

Vanquished Creatures
  A worker ant (D:2)
  An ooze (D:1)
  2 dart slugs (D:1)
  A leopard gecko (D:1)
  4 giant cockroaches (D:1)
  6 goblins
  4 hobgoblins (D:1)
  4 kobolds
  A quokka (D:2)
  3 bats
  2 frilled lizards (D:1)
  5 rats
34 creatures vanquished.

Vanquished Creatures (others)
  An adder (D:2)
1 creature vanquished.

Grand Total: 35 creatures vanquished

Notes
Turn   | Place    | Note
-------+----------+-------------------------------------------
     0 | D:1      | Allula97 the Demonspawn Chaos Knight began the quest for
                  | the Orb.
     0 | D:1      | Reached XP level 1. HP: 18/18 MP: 1/1
    21 | D:1      | XOM: silly message
    42 | D:1      | XOM: potion effect (might)
    44 | D:1      | Reached skill level 1 in Dodging
   103 | D:1      | Gained mutation: You are partially covered in molten
                  | scales. (AC +2) [demonic ancestry]
   103 | D:1      | Reached XP level 2. HP: 20/24 MP: 2/2
   174 | D:1      | XOM: silly message
   488 | D:1      | Reached skill level 1 in Stealth
   626 | D:1      | Gained mutation: A weak demonic guardian rushes to your
                  | aid. [demonic ancestry]
   626 | D:1      | Reached XP level 3. HP: 29/29 MP: 3/3
   668 | D:1      | XOM: noise
   824 | D:2      | Noticed Sigmund
   951 | D:2      | XOM: 5-stop teleportation journey
   955 | D:2      | Reached XP level 4. HP: 34/35 MP: 4/4
  1341 | D:2      | HP: 1/35 [something (4)]
  1356 | D:2      | Killed from afar by Sigmund

Illustrated notes

Levels and vault maps discovered:
D:1:      onia_arrival_pyramid, layout_basic
D:2:      layout_loops_corners, lemuel_coloured_pillars_altar,
          chequers_temple_overflow_minitemple, first_ration, uniq_natasha,
          uniq_sigmund

Skill      XL: |  1  2  3 |
---------------+----------+-----
Dodging        | 1 |  1.6
Armour         | 2 |  2.3
Stealth        | 1 |  1.4
Long Blades    | 3 |  3.1
Fighting       | |  3.4

Action                   |  1- 3 |  4- 6 || total
-------------------------+-------+-------++-------
Melee: Falchion          |   127 |    73 ||   200
  Use: Scroll            |     5 |       ||     5
       Potion            |     1 |     5 ||     6
 Stab: Sleeping          |     1 |       ||     1
       Paralysed         |     1 |       ||     1
  Eat: Chunk             |     1 |       ||     1
Armor: Leather armour    |    60 |    16 ||    76
       Skin              |       |    20 ||    20
Dodge: Dodged            |    95 |    23 ||   118
       Rpst.: Falchion   |    33 |     6 ||    39
